 Dungeon Crawl Stone Soup version 0.29.1-15-g9cfb28693d (webtiles) character file.

Game seed: 3756858042067021294

126 Gustavia the Grave Robber (level 4, 0/30 HPs)
             Began as a Demonspawn Necromancer on Mar 22, 2023.
             Slain by a gnoll
             ... wielding a +0 spear
              (3 damage)
             ... on level 3 of the Dungeon.
             The game lasted 00:12:39 (3352 turns).

Gustavia the Grave Robber (Demonspawn Necromancer)  Turns: 3352, Time: 00:12:40

Health: 0/30       AC:  7    Str:  8    XL:     4   Next: 83%
Magic:  2/8        EV: 12    Int: 19    God:
Gold:   176        SH:  4    Dex: 13    Spells: 4/9 levels left

rFire   . . .      SeeInvis .   i - +0 flail
rCold   . . .      Faith    .   (no shield)
rNeg    . . .      Spirit   .   a - +0 robe
rPois   .          Reflect  .   h - +1 hat
rElec   .          Harm     .   f - +0 cloak
rCorr   .          Rampage  .   (no gloves)
Will    .....      Clarity  +   j - +2 pair of boots
Stlth   ++........              (no amulet)
HPRegen 0.10/turn               (no ring)
MPRegen 0.11/turn               (no ring)

@: animating dead
A: horns 1, condensation shield, hooves 1, clarity
a: no special abilities


You were on level 3 of the Dungeon.
You visited 1 branch of the dungeon, and saw 3 of its levels.

You collected 176 gold pieces.

Inventory:

Hand Weapons
 i - a +0 flail (weapon)
Armour
 a - a +0 robe (worn)
 f - a +0 cloak (worn)
 h - a +1 hat (worn)
 j - a +2 pair of boots (worn)
Jewellery
 d - a ring of ice
Scrolls
 c - a scroll of teleportation
Potions
 b - 2 potions of magic
 e - a potion of curing
 g - 2 potions of lignification


   Skills:
 + Level 0.1 Maces & Flails
 + Level 1.9 Dodging
 + Level 2.0 Stealth
 + Level 0.4 Unarmed Combat
 + Level 3.2 Spellcasting
 + Level 5.7 Necromancy


You had 4 spell levels left.
You knew the following spells:

 Your Spells              Type           Power      Damage    Failure   Level
a - Necrotise             Necr           96%        1d8       1%          1
b - Animate Dead          Necr           24%        N/A       14%         4

Your spell library contained the following spells:

 Spells                   Type           Power      Damage    Failure   Level
 Vampiric Draining        Necr           24%        2d7       4%          3
 Magic Dart               Conj           12%        1d3       16%         1
 Call Imp                 Summ           3%         N/A       22%         2
 Mephitic Cloud           Conj/Pois/Air  3%         N/A       41%         3
 Agony                    Necr           24%        N/A       36%         5


Dungeon Overview and Level Annotations

Branches:
Dungeon (3/15)

Altars:


Innate Abilities, Weirdness & Mutations

You have a pair of small horns on your head.
A meltable shield of frost defends you. (SH +4)
You have large cloven feet.
You possess an exceptional clarity of mind.


Message History

Aim: a gnoll, wielding a +0 spear (almost dead, chance to affect: 88%)
The gnoll writhes in agony!
You kill the gnoll!
The dead are walking!
The gnoll hits your gnoll zombie with a +0 spear.
The gnoll hits your gnoll zombie with a +0 spear.
Your gnoll zombie hits the gnoll.
The gnoll hits your gnoll zombie with a +0 spear.
Your gnoll zombie is destroyed!
You don't have enough magic to cast this spell.
You block the gnoll's attack. The gnoll barely misses you. x2
You see here a +0 spear.
You barely miss the gnoll.
You headbutt the gnoll, but do no damage.
The gnoll is lightly wounded.
The gnoll misses you. The gnoll hits you with a +0 spear.
You hit the gnoll. Your headbutt misses the gnoll.
The gnoll is heavily wounded.
The gnoll hits you but does no damage. You block the gnoll's attack.
You closely miss the gnoll. Your headbutt misses the gnoll.
The gnoll is heavily wounded.
The gnoll hits you from afar with a +0 spear.
* * * LOW HITPOINT WARNING * * *
You block the gnoll's attack. The gnoll barely misses you. x2
You hit the gnoll.
The gnoll is almost dead.
The gnoll hits you but does no damage. The gnoll closely misses you.
You closely miss the gnoll.
The gnoll is almost dead.
The gnoll hits you but does no damage. You block the gnoll's attack.
The gnoll barely misses you. You block the gnoll's attack.
You hit the gnoll.
The gnoll is almost dead.
The gnoll misses you. The gnoll hits you with a +0 spear!
* * * LOW HITPOINT WARNING * * *
You hit the gnoll.
You kill the gnoll!
The gnoll hits you from afar with a +0 spear.
You die...

**.#,,,,,,,,,,,,,*
##.#,**********#.#
....,,,,,,,,* #.#
.#,*,******,* #.#
|#,*,* *,* #.#
.#,,,* #.# #g#
.##### #.# #g#
.....# #.# #)#
.###.## #.# #@#
......#####.# #.#
.###........# #.#
.# #..####..####.#
## ##.#..........#
#.#.##.#######
#.#......#
#.######.#
#........#


You could see 2 gnolls.

Vanquished Creatures
  Crazy Yiuf (D:2)
  Terence (D:2)
  2 gnolls (D:3)
  2 adders (D:2)
  2 worms (D:2)
  2 dart slugs
  An endoplasm (D:1)
  A giant cockroach (D:2)
  A goblin (D:3)
  4 hobgoblins
  3 ball pythons
  8 bats
  2 frilled lizards
  8 kobolds
  A rat (D:2)
39 creatures vanquished.

Vanquished Creatures (collateral kills)
  An orc (D:3)
1 creature vanquished.

Vanquished Creatures (others)
  A gnoll zombie (D:3)
1 creature vanquished.

Grand Total: 41 creatures vanquished

Notes
Turn   | Place    | Note
-------+----------+-------------------------------------------
     0 | D:1      | Gustavia the Demonspawn Necromancer began the quest for the
                  | Orb.
     0 | D:1      | Reached XP level 1. HP: 13/13 MP: 3/3
   420 | D:1      | Gained mutation: You have a pair of small horns on your
                  | head. [demonic ancestry]
   420 | D:1      | Reached XP level 2. HP: 5/19 MP: 1/5
  1314 | D:2      | Found a faded altar of an unknown god.
  1884 | D:2      | Gained mutation: You possess an exceptional clarity of
                  | mind. [potion of mutation]
  1884 | D:2      | Gained mutation: You have large cloven feet. [potion of
                  | mutation]
  1895 | D:2      | Reached skill level 5 in Necromancy
  1895 | D:2      | Gained mutation: A meltable shield of frost defends you.
                  | (SH +4) [demonic ancestry]
  1895 | D:2      | Reached XP level 3. HP: 24/24 MP: 0/6
  2415 | D:2      | Noticed Terence
  2423 | D:2      | Killed Terence
  2424 | D:2      | Reached XP level 4. HP: 30/30 MP: 0/8
  2777 | D:2      | Found a runed translucent door.
  2778 | D:2      | Noticed Crazy Yiuf
  2785 | D:2      | Killed Crazy Yiuf
  2983 | D:3      | Learned a level 4 spell: Animate Dead
  3352 | D:3      | Slain by a gnoll

Illustrated notes

Levels and vault maps discovered:
D:1:      lemuel_arrival_tunnels, layout_basic
D:2:      layout_basic, hellmonk_ecumenical_altar_pennies_from_heaven,
          uniq_terence, uniq_crazy_yiuf_cottage
D:3:      layout_basic

Skill      XL: |  1  2  3  4 |
---------------+-------------+-----
Necromancy     | 5 |  5.7
Stealth        | 2 |  2.0
Spellcasting   | 3 |  3.2
Maces & Flails | |  0.1
Dodging        | |  1.9
Unarmed Combat | |  0.4

Action                   |  1- 3 |  4- 6 || total
-------------------------+-------+-------++-------
Melee: Unarmed           |    24 |       ||    24
       Headbutt          |     4 |     3 ||     7
       Whip              |     2 |       ||     2
       Kick              |     1 |       ||     1
       Flail             |       |    18 ||    18
 Cast: Necrotise         |    60 |    18 ||    78
       Animate Dead      |       |     1 ||     1
  Use: Potion            |     5 |     1 ||     6
       Scroll            |     3 |     1 ||     4
Armor: Robe              |    10 |    16 ||    26
Dodge: Dodged            |    28 |    24 ||    52
Block: Other             |       |    11 ||    11
